 Dungeon Crawl Stone Soup version 0.16-a0-1794-gf7beed7 (webtiles) character file.

3419 Econoterrorist the Grappler (level 9, -27/64 HPs)
             Began as a Grey Draconian Transmuter on Nov 2, 2014.
             Was a Believer of Sif Muna.
             Killed from afar by a fire dragon (45 damage)
             ... with a blast of flame
             ... on level 9 of the Dungeon.
             The game lasted 00:52:18 (11306 turns).

Econoterrorist the Grappler (DrTm)                 Turns: 11306, Time: 00:52:18

Health: -27/64     AC: 13    Str: 14    XL:     9   Next: 76%
Magic:  5/15       EV: 12    Int: 16    God:    Sif Muna [**....]
Gold:   489        SH:  0    Dex: 11    Spells: 3 memorised, 3 levels left

rFire  . . .     SeeInvis .       - Unarmed
rCold  . . .     Clarity  .     (armour unavailable)
rNeg   . . .     SustAb   .     (shield currently unavailable)
rPois  .         Gourm    .     (helmet restricted)
rElec  .         Spirit   .     (no cloak)
rCorr  .         Warding  .     (gloves currently unavailable)
rMut   +         Stasis   .     (no boots)
MR     .....                    f - amulet of resist mutation
Stlth  +.........               (no ring)
                                v - +1 ring of protection

@: blade hands (expiring), very slightly contaminated, invisible, not resistant
to hostile enchantments, very unstealthy
A: walk through water, unfitting armour, unbreathing, cold-blooded, AC +12
a: End Transformation, Channel Energy, Forget Spell, Renounce Religion


You were on level 9 of the Dungeon.
You worshipped Sif Muna.
Sif Muna was pleased with you.
You were hungry.
You had blades for hands.
You visited 1 branch of the dungeon, and saw 9 of its levels.
You also visited: Ossuary.

You collected 489 gold pieces.

Inventory:

Hand weapons
 s - the cursed +3 long sword of Courage {pain, +Rage rC+ rN+}
   (You found it on level 4 of the Dungeon)

   In the hands of one skilled in necromantic magic, it inflicts extra damage on
   living creatures.
   It protects you from cold.
   It protects you from negative energy.
   It lets you go berserk.
   It has a curse placed upon it.
Missiles
 b - 3 throwing nets (quivered)
Jewellery
 f - an amulet of resist mutation (around neck)
 v - a +1 ring of protection (left scythe-like blade)
 F - the amulet of Fanaticism {Inacc rPois Dex+2 Int+2}
   (You found it on level 6 of the Dungeon)

   [amulet of inaccuracy]

   It reduces the accuracy of all your attacks.
   It affects your intelligence (+2).
   It affects your dexterity (+2).
   It protects you from poison.
Magical devices
 x - a wand of slowing (24)
 y - a wand of slowing (15)
 B - a wand of draining (6)
 K - a wand of random effects (17)
 N - a wand of cold (6)
Scrolls
 c - 2 scrolls of fog {unknown}
 e - 2 scrolls of recharging {unknown}
 i - 9 scrolls of identify
 l - 3 scrolls of enchant armour {unknown}
 n - 3 scrolls of remove curse
 q - a scroll of enchant weapon {unknown}
 r - 3 scrolls of blinking {unknown}
 u - 3 scrolls of teleportation
 w - 4 scrolls of random uselessness
 C - 2 scrolls of holy word {unknown}
 I - a scroll of fear {unknown}
 J - a scroll of immolation {unknown}
Potions
 g - 3 potions of heal wounds
 h - 3 potions of agility
 j - 5 potions of flight
 k - 4 potions of poison
 m - a potion of invisibility
 o - 2 potions of brilliance
 p - 3 potions of haste {unknown}
 t - a potion of lignification {unknown}
 z - a potion of cancellation {unknown}
 D - 2 potions of mutation {unknown}
 E - 4 potions of curing {unknown}
 G - a potion of resistance {unknown}
 H - 2 potions of restore abilities {unknown}
 M - a potion of magic {unknown}
Books
 d - a book of Changes

   Spells                             Type                      Level
   *Beastly Appendage                 Transmutation                1
   Sticks to Snakes                   Transmutation                2
   *Spider Form                       Transmutation/Poison         3
   Ice Form                           Ice/Transmutation            4
   *Blade Hands                       Transmutation                5
Comestibles
 a - 3 bread rations
 A - 2 meat rations
 L - a chunk of flesh


   Skills:
 - Level 1.1 Fighting
 - Level 1.7 Dodging
 - Level 11.0 Unarmed Combat
 + Level 2.2 Spellcasting
 - Level 8.1 Transmutations
 - Level 4.0 Poison Magic


You had 3 spell levels left.
You knew the following spells:

 Your Spells              Type           Power        Failure   Level  Hunger
a - Beastly Appendage     Trmt           ####..       14%         1    #......
b - Spider Form           Trmt/Pois      ###.......   36%         3    ###....
c - Blade Hands           Trmt           ####......   63%         5    ######.


Dungeon Overview and Level Annotations

Branches:
Dungeon (9/15)             Temple (0/1) D:7
    Orc: D:9-12        Lair: D:8-11

Altars:
Cheibriados
Dithmenos
Fedhas
Gozag
Makhleb
Okawaru
Qazlal
Ru
Sif Muna
Trog
Vehumet
Zin
The Shining One

Shops:
D:4 *   D:6 (


Innate Abilities, Weirdness & Mutations

You can walk through water.
Your dull iron-grey scales are very hard (AC +12).
Your body does not fit into most forms of armour.
You can survive without breathing.
Your cold-blooded metabolism reacts poorly to cold.


Message History

You hit the fire dragon but do no damage.
The fire dragon closely misses you.
The fire dragon claws you but does no damage.
The fire dragon tramples you.
You hold your ground!
You slice the fire dragon!!
The fire dragon is moderately wounded.
Your transformation is almost over.
The fire dragon bites you. The fire dragon closely misses you.
The fire dragon tramples you.
* * * LOW HITPOINT WARNING * * *
You hold your ground!
You strike the helpless fire dragon from behind!
You slash the fire dragon!
The fire dragon is moderately wounded.
You barely miss the fire dragon.
The fire dragon is moderately wounded.
The fire dragon breathes flames at you. The blast of flame hits you!
Ouch! That really hurt!
You die...

### ..### ....##
.....###
.......#####
........D..######
.....#####......#
....## ######D##
.#### #.@# # ##.#
####.# . #....#
#.. #.#### ....
#.#####.....
#.#..........
#............. #
###........... #


You could see a fire dragon.

Vanquished Creatures
  A hippogriff (D:8)
  2 hungry ghosts
  A hill giant skeleton (D:8)
  Menkaure (D:5)
  A phantom (D:4)
  2 sky beasts
  An ogre (D:6)
  2 centaurs
  Sigmund (D:5)
  Duvessa (D:9)
  4 giant frogs
  3 scorpions
  4 wights (D:7)
  Dowan (D:9)
  4 crimson imps (D:5)
  3 orc priests
  2 centaur zombies (Ossuary)
  2 goliath beetles
  A gnoll shaman (D:4)
  2 hounds
  A centaur skeleton (D:5)
  6 worker ants
  9 orc wizards
  3 big kobold zombies (Ossuary)
  Ijyb (D:2)
  Terence (D:3)
  5 mummies
  22 gnolls
  11 adders
  2 shadow imps
  A giant mite (D:8)
  5 worms
  2 adder skeletons (D:8)
  3 oozes
  26 orcs
  A ball python (D:6)
  17 bats
  5 giant cockroaches
  14 hobgoblins
  3 jackals
  14 kobolds
  4 quokkas
  A giant cockroach zombie (D:5)
  5 giant geckos
  A giant gecko skeleton (D:5)
  2 giant newts
  12 goblins
  A goblin zombie (D:5)
  3 hobgoblin zombies (Ossuary)
  An orc skeleton (D:8)
  An orc zombie (D:7)
  A quokka skeleton (D:5)
  17 rats
  A rat skeleton (D:4)
241 creatures vanquished.

Notes
Turn   | Place    | Note
--------------------------------------------------------------
     0 | D:1      | Econoterrorist, the Draconian Transmuter, began the quest for the Orb.
     0 | D:1      | Reached XP level 1. HP: 16/16 MP: 3/3
   264 | D:1      | Reached XP level 2. HP: 18/23 MP: 4/4
   508 | D:1      | Reached skill level 4 in Unarmed Combat
   732 | D:2      | Reached XP level 3. HP: 23/28 MP: 4/6
  1365 | D:2      | Reached skill level 5 in Unarmed Combat
  1365 | D:2      | Reached XP level 4. HP: 21/35 MP: 7/7
  1511 | D:2      | Noticed Ijyb
  1535 | D:2      | Killed Ijyb
  1601 | D:2      | Found a burning altar of Makhleb.
  1604 | D:2      | Found a glowing silver altar of Zin.
  1604 | D:2      | Noticed an angel
  1605 | D:2      | Noticed an Executioner
  1976 | D:2      | Learned a level 3 spell: Spider Form
  2227 | D:2      | Found a glowing golden altar of the Shining One.
  2268 | D:2      | Found a radiant altar of Vehumet.
  2716 | D:3      | Reached XP level 5. HP: 24/40 MP: 9/9
  2991 | D:3      | Reached skill level 6 in Unarmed Combat
  3386 | D:3      | Noticed a moth of wrath
  3387 | D:3      | Noticed Terence
  3392 | D:3      | Found a bloodstained altar of Trog.
  3401 | D:3      | Killed Terence
  3912 | D:4      | Got a sapphire long sword
  3913 | D:4      | Identified the +3 long sword of Courage {pain, +Rage rC+ rN+} (You found it on level 4 of the Dungeon)
  3933 | D:4      | Found Gozag's Nutrition Petition.
  3965 | D:4      | Found an opulent altar of Gozag.
  4403 | D:4      | Reached XP level 6. HP: 32/47 MP: 8/10
  4564 | D:4      | Noticed a phantom
  4638 | D:4      | Killed a phantom
  4638 | D:4      | Reached skill level 7 in Unarmed Combat
  5145 | D:4      | Reached skill level 8 in Unarmed Combat
  5145 | D:4      | Your scales start taking on a dull iron-grey colour.
  5145 | D:4      | Gained mutation: You can survive without breathing. [draconian maturity]
  5145 | D:4      | Reached XP level 7. HP: 44/52 MP: 12/12
  5557 | D:5      | Entered Level 5 of the Dungeon
  5696 | D:5      | Noticed Menkaure
  5708 | D:5      | Killed Menkaure
  5708 | D:5      | Reached skill level 9 in Unarmed Combat
  6186 | D:5      | Found a sacrificial altar of Ru.
  6268 | D:5      | Reached XP level 8. HP: 40/59 MP: 2/13
  6360 | D:5      | Reached skill level 10 in Unarmed Combat
  6586 | D:5      | Noticed Sigmund
  6587 | D:5      | Found a shadowy altar of Dithmenos.
  6587 | D:5      | Found a stormy altar of Qazlal.
  6588 | D:5      | Found a snail-covered altar of Cheibriados.
  6598 | D:5      | Killed Sigmund
  7006 | D:6      | Found a deep blue altar of Sif Muna.
  7009 | D:6      | Became a worshipper of Sif Muna the Loreminder
  7137 | D:6      | Found Crargh's Antique Weapon Shoppe.
  7175 | D:6      | Found a sand-covered staircase.
  7210 | Ossuary  | Entered an ossuary
  7220 | Ossuary  | Reached skill level 11 in Unarmed Combat
  7437 | Ossuary  | Reached skill level 1 in Poison Magic
  7934 | D:6      | Got a twitching tin amulet
  7937 | D:6      | Identified the amulet of Fanaticism {Inacc rPois Dex+2 Int+2} (You found it on level 6 of the Dungeon)
  7943 | D:6      | Found a blossoming altar of Fedhas.
  8993 | D:7      | Reached XP level 9. HP: 50/64 MP: 14/14
  9069 | D:7      | Acquired Sif Muna's first power
  9311 | D:7      | Found a staircase to the Ecumenical Temple.
  9439 | D:8      | Learned a level 5 spell: Blade Hands
  9453 | D:8      | Found an iron altar of Okawaru.
  9756 | D:8      | Reached skill level 5 in Transmutations
 10243 | D:8      | Acquired Sif Muna's second power
 10985 | D:9      | Noticed Dowan
 10987 | D:9      | Noticed Duvessa
 10997 | D:9      | Killed Duvessa
 11000 | D:9      | Killed Dowan
 11276 | D:9      | Noticed a fire dragon
 11306 | D:9      | Killed from afar by a fire dragon

Action                   |  1- 3 |  4- 6 |  7- 9 || total
-------------------------+-------+-------+-------++-------
Melee: Unarmed           |   141 |   315 |   591 ||  1047
 Cast: Beastly Appendage |     5 |    11 |    13 ||    29
       Spider Form       |       |     3 |    13 ||    16
       Blade Hands       |       |       |     1 ||     1
  Use: Potion            |       |     2 |     1 ||     3
       Scroll            |       |       |     9 ||     9
 Stab: Paralysed         |       |       |     1 ||     1
       Invisible         |       |       |     2 ||     2
  Eat: Chunk             |     1 |    14 |    16 ||    31
       Bread ration      |       |       |     2 ||     2
       Pizza             |       |       |     1 ||     1
